[Event "36th European Club Cup 2021"]
[Site "Struga"]
[Date "2021.09.20"]
[Round "3.57"]
[White "Mikhalchishin, Adrian"]
[Black "Roeder, Matthias"]
[Result "1/2-1/2"]
[ECO "D66"]
[WhiteElo "2455"]
[BlackElo "2372"]
[Annotator "ChessBase"]
[PlyCount "59"]
[EventDate "2021.09.18"]
[EventType "team-tourn"]
[EventCountry "MKD"]
[SourceTitle "playchess.com"]
[Source "ChessBase"]
[SourceQuality "1"]
[TimeControl "40/5400+30:1800+30"]

1. Nf3 d5 2. d4 Nf6 3. c4 e6 4. Bg5 Nbd7 5. e3 h6 6. Bh4 Be7 7. Nc3 O-O 8. Rc1 c6 9. Bd3 dxc4 10. Bxc4 b5 11. Bd3 a6 12. e4 Nxe4 13.
Bxe4 Bxh4 14. Bxc6 Ra7 15. a4 bxa4 16. Nxa4 Nb8 17. Be4 Bb7 18. Bxb7 Rxb7 19. O-O Bf6 20. Rc4 Nd7 21. Qc2 Nb6 22. Rb4 Rc7 23. Nc5 Nd5 24. Ra4 Rc6 25. Qd3 Rb6 26. Qd2 Qd6 27. Rfa1 Rd8 28. Rxa6 Rxa6 29. Rxa6 Qf4 30. Qxf4 1/2-1/2

[Event "36th European Club Cup 2021"]
[Site "Struga"]
[Date "2021.09.20"]
[Round "3.58"]
[White "Boidman, Yuri"]
[Black "Skuhala, Jernej"]
[Result "1/2-1/2"]
[ECO "B10"]
[WhiteElo "2318"]
[BlackElo "2351"]
[Annotator "NA"]
[PlyCount "109"]
[EventDate "2021.09.18"]
[EventType "team-tourn"]
[EventCountry "MKD"]
[SourceTitle "playchess.com"]
[Source "ChessBase"]
[SourceQuality "1"]
[TimeControl "40/5400+30:1800+30"]

1. e4 c6 2. Nf3 d5 3. d3 dxe4 4. dxe4 Qxd1+ 5. Kxd1 Bg4 6. Be2 Nd7 7. Nfd2 Bxe2+ 8. Kxe2 e5 9. a4 Nc5 10. c3 Nf6 11. f3 Nfd7 12. b4 Ne6 13.
Nc4 f6 14. Rd1 Nb6 15. Na5 Rb8 16. Be3 c5 17. b5 Be7 18. Nd2 Kf7 19. Ndc4 Nxc4 20. Nxc4 Rhd8 21. g3 Rxd1 22. Rxd1 Rd8 23. Rd5 g5 24. Na5 b6 25. Nc6 Rxd5 26. exd5 Nc7 27. c4 a5 28. Bd2 Ne8 29. Kd3 Nd6 30.
Nxa5 bxa5 31. Bxa5 f5 32. Bd2 e4+ 33. fxe4 fxe4+ 34. Kc3 Bd8 35. Kb3 Nb7 36. g4 Na5+ 37. Kc3 Bf6+ 38. Kc2 Nxc4 39. Be1 Bd8 40. Bf2 Nb6 41. a5 Nxd5 42. b6 Nxb6 43. axb6 Bxb6 44. Kc3 Ke6 45. Kc4 Ba7 46. h3 h6 47. Bg1 Bb6 48. Bf2 Ba7 49. Bg1 Ke5 50.
Bh2+ Kf6 51. Bg1 Ke6 52. Bf2 Bb8 53. Bxc5 Be5 54. Bf8 Kf7 55. Bc5 1/2-1/2

[Event "36th European Club Cup 2021"]
[Site "Struga"]
[Date "2021.09.20"]
[Round "3.59"]
[White "Buzeti, Jernej"]
[Black "Dardha, Arben"]
[Result "1/2-1/2"]
[ECO "B30"]
[WhiteElo "2236"]
[BlackElo "2253"]
[Annotator "NA"]
[PlyCount "100"]
[EventDate "2021.09.18"]
[EventType "team-tourn"]
[EventCountry "MKD"]
[SourceTitle "playchess.com"]
[Source "ChessBase"]
[SourceQuality "1"]
[TimeControl "40/5400+30:1800+30"]

1. e4 c5 2. Nf3 Nc6 3. Nc3 e5 4. Bc4 d6 5. d3 Be7 6. O-O Nf6 7. Ng5 O-O 8. f4 h6 9. Nf3 exf4 10. Bxf4 Be6 11. Nd5 Bxd5 12. exd5 Nd4 13. Nxd4 cxd4 14. Qf3 Qd7 15. a4 a6 16. Rae1 Rae8 17. Bb3 Nh7 18. Qg3 Kh8 19. h3 Rd8 20. Re2 Bf6 21. Rfe1 Rg8 22. Kh2 Nf8 23. Qf3 Qf5 24. Qe4 Qxe4 25. Rxe4 Ng6 26. Bd2 Be5+ 27. Kh1 f5 28. R4e2 Bg3 29. Rf1 f4 30. Re6 Kh7 31. Ba5 Rd7 32. Be1 Bxe1 33. Rfxe1 Ne5 34. Re4 Rf8 35. Rxd4 f3 36. gxf3 Rxf3 37. Re4 Rdf7 38. R6xe5 dxe5 39. Rxe5 R7f6 40. Kg2 Rf2+ 41.
Kg1 R2f4 42. Re2 h5 43. c3 Rf3 44. Kg2 h4 45. d4 Rg3+ 46.
Kh2 Rff3 47. d6 Rxh3+ 48. Kg2 Rhg3+ 49. Kh2 Rh3+ 50. Kg2 Rhg3+ 1/2-1/2

[Event "36th European Club Cup 2021"]
[Site "Struga"]
[Date "2021.09.20"]
[Round "3.60"]
[White "Jeitz, Christian"]
[Black "Bratkovic, Sham"]
[Result "1/2-1/2"]
[ECO "B40"]
[WhiteElo "2231"]
[BlackElo "2213"]
[Annotator "NA"]
[PlyCount "92"]
[EventDate "2021.09.18"]
[EventType "team-tourn"]
[EventCountry "MKD"]
[SourceTitle "playchess.com"]
[Source "ChessBase"]
[SourceQuality "1"]
[TimeControl "40/5400+30:1800+30"]

1. e4 c5 2. Nf3 e6 3. g3 Nc6 4. Bg2 Nf6 5. Qe2 e5 6. d3 Be7 7. Bg5 O-O 8. O-O d6 9. h3 Ne8 10. Bxe7 Qxe7 11. Nc3 Nc7 12. Nd5 Qd8 13. c3 Be6 14. Nxc7 Qxc7 15. Nd2 Qd7 16. Kh2 d5 17. f4 f6 18. f5 Bf7 19. exd5 Bxd5 20.
Ne4 b6 21. g4 Ne7 22. Rf3 Bb7 23. Rg3 Kh8 24. Bh1 Nd5 25. Rd1 Nf4 26. Qf1 Rad8 27. Nf2 Bxh1 28. Qxh1 Qa4 29. Rd2 Qxa2 30. Ne4 Qa6 31. Qf3 Qb7 32. h4 c4 33. dxc4 Rxd2+ 34. Nxd2 Qxf3 35. Rxf3 Rd8 36. Ne4 h6 37. b4 a5 38. c5 axb4 39. cxb4 Rd4 40. Nd6 Rxb4 41. Ra3 bxc5 42. Ra8+ Kh7 43. h5 Rb2+ 44. Kh1 Rb1+ 45. Kh2 Rb2+ 46. Kh1 Rb1+ 1/2-1/2

[Event "36th European Club Cup 2021"]
[Site "Struga"]
[Date "2021.09.21"]
[Round "4.17"]
[White "Alonso Rosell, Alvar"]
[Black "Sadikhov, Ulvi"]
[Result "1-0"]
[ECO "E62"]
[WhiteElo "2566"]
[BlackElo "2509"]
[Annotator "ChessBase"]
[PlyCount "85"]
[EventDate "2021.09.18"]
[EventType "team-tourn"]
[EventCountry "MKD"]
[SourceTitle "playchess.com"]
[Source "ChessBase"]
[SourceQuality "1"]
[TimeControl "40/5400+30:1800+30"]

1. d4 d6 2. Nf3 g6 3. c4 Bg7 4. Nc3 Nf6 5. g3 O-O 6. Bg2 c6 7. e4 Bg4 8. h3 Bxf3 9. Bxf3 Nfd7 10. Be3 Qb6 11. Rb1 c5 12. d5 Qb4 13. Be2 Nb6 14. Bd2 Bxc3 15. Bxc3 Qa4 16. Qc1 Qe8 17. h4 e5 18. dxe6 Qxe6 19. h5 Na4 20. Qh6 Nxc3 21. hxg6 Qxg6 22. bxc3 Nc6 23. Qe3 Ne5 24. Rh6 Qg7 25. Rxb7 Ng6 26. Rh5 Rfb8 27. Rb3 a5 28. Rb5 Re8 29. f4 f6 30. Rd5 Ne7 31. Rb7 Qf8 32. Rd1 Rab8 33. Rb5 Qh6 34. Qf3 Qh2 35. Kd2 Qh6 36. Kc2 f5 37. Rxb8 Rxb8 38. exf5 a4 39. Qe4 Qf8 40. Qe6+ Kh8 41. f6 Ng6 42. f7 a3 43. Rxd6 1-0

[Event "36th European Club Cup 2021"]
[Site "Struga"]
[Date "2021.09.21"]
[Round "4.18"]
[White "Ahmadzada, Ahmad"]
[Black "Henderson de La Fuente, Lance"]
[Result "1/2-1/2"]
[ECO "C54"]
[WhiteElo "2462"]
[BlackElo "2491"]
[Annotator "ChessBase"]
[PlyCount "111"]
[EventDate "2021.09.18"]
[EventType "team-tourn"]
[EventCountry "MKD"]
[SourceTitle "playchess.com"]
[Source "ChessBase"]
[SourceQuality "1"]
[TimeControl "40/5400+30:1800+30"]

1. e4 e5 2. Nf3 Nc6 3. Bc4 Bc5 4. c3 Nf6 5. d3 d6 6. O-O O-O 7. Re1 Ne7 8. Nbd2 Ng6 9. Nf1 c6 10. Bb3 Re8 11. Ng3 Be6 12. d4 exd4 13.
cxd4 Bb6 14. h3 Bxb3 15. Qxb3 Nf8 16. Bd2 Ne6 17. Bc3 Rb8 18. Rad1 d5 19. e5 Ne4 20. Nxe4 dxe4 21. Rxe4 Qd7 22. Bb4 Qd5 23. Qxd5 cxd5 24. Re2 Rbc8 25. b3 Rc6 26. Red2 Rec8 27. g3 h6 28. Kf1 a5 29. Ba3 a4 30. Bb2 Ba5 31. Re2 b5 32. Rd3 g5 33. a3 Bc3 34. bxa4 bxa4 35. Bxc3 Rxc3 36. Red2 Rxd3 37. Rxd3 Rc2 38.
Nd2 Ra2 39. Ke1 Ra1+ 40. Ke2 Nc7 41. Nf1 Ra2+ 42. Kf3 Nb5 43.
Ne3 Rxa3 44. Rxa3 Nxa3 45. Nxd5 Nc2 46. Nc3 a3 47. d5 Nb4 48. d6 Kf8 49. Kg4 Ke8 50. Kh5 Nd3 51. Kxh6 Nxf2 52. h4 gxh4 53. gxh4 Ng4+ 54. Kg7 Nxe5 55. h5 Ng4 56. d7+ 1/2-1/2

[Event "36th European Club Cup 2021"]
[Site "Struga"]
[Date "2021.09.21"]
[Round "4.24"]
[White "Pancevski, Filip"]
[Black "Bratkovic, Sham"]
[Result "1-0"]
[ECO "B40"]
[WhiteElo "2496"]
[BlackElo "2213"]
[Annotator "ChessBase"]
[PlyCount "59"]
[EventDate "2021.09.18"]
[EventType "team-tourn"]
[EventCountry "MKD"]
[SourceTitle "playchess.com"]
[Source "ChessBase"]
[SourceQuality "1"]
[TimeControl "40/5400+30:1800+30"]

1. e4 c5 2. Nf3 e6 3. d3 Nc6 4. g3 Nf6 5. Bg2 e5 6. O-O Be7 7. Nc3 O-O 8.
Nd2 d6 9. Nc4 Rb8 10. a4 a6 11. Ne3 b5 12. axb5 axb5 13. f4 exf4 14. gxf4 Nd4 15. Ne2 Nxe2+ 16. Qxe2 Qb6 17. b3 Be6 18. Bb2 Ne8 19. f5 Bc8 20. Nd5 Qd8 21. Qg4 Bf6 22. Nxf6+ Nxf6 23. Qh4 Rb6 24. Rf3 Nd7 25. f6 Nxf6 26. Rxf6 d5 27. Rf4 g5 28. Qg3 Rg6 29. Rf2 d4 30.
Qe5 1-0

[Event "36th European Club Cup 2021"]
[Site "Struga"]
[Date "2021.09.21"]
[Round "4.27"]
[White "Kanyamarala, Tarun"]
[Black "Papp, Gabor"]
[Result "0-1"]
[ECO "E20"]
[WhiteElo "2275"]
[BlackElo "2599"]
[Annotator "ChessBase"]
[PlyCount "54"]
[EventDate "2021.09.18"]
[EventType "team-tourn"]
[EventCountry "MKD"]
[SourceTitle "playchess.com"]
[Source "ChessBase"]
[SourceQuality "1"]
[TimeControl "40/5400+30:1800+30"]

1. d4 Nf6 2. c4 e6 3. Nc3 Bb4 4. f3 c5 5. d5 b5 6. e4 O-O 7. Nh3 bxc4 8. Bxc4 Nxd5 9. Bxd5 exd5 10. Qxd5 Ba6 11. Bf4 Nc6 12. Kf2 c4 13. Rhd1 Be7 14. Qd2 Nb4 15. Nd5 Nxd5 16. exd5 Re8 17. Be3 Rb8 18. Kg1 Bb4 19. Qf2 c3 20. bxc3 Bxc3 21. Rab1 Rxb1 22. Rxb1 Qa5 23. Ng5 f5 24. Qc2 h6 25. Nh3 Rxe3 26. Rb8+ Kf7 27. Qxf5+ Bf6 0-1

[Event "36th European Club Cup 2021"]
[Site "Struga"]
[Date "2021.09.21"]
[Round "4.28"]
[White "Thybo, Jesper Sondergaard"]
[Black "Kanyamarala, Trisha"]
[Result "1-0"]
[ECO "D02"]
[WhiteElo "2587"]
[BlackElo "2093"]
[Annotator "ChessBase"]
[PlyCount "65"]
[EventDate "2021.09.18"]
[EventType "team-tourn"]
[EventCountry "MKD"]
[SourceTitle "playchess.com"]
[Source "ChessBase"]
[SourceQuality "1"]
[TimeControl "40/5400+30:1800+30"]

1. Nf3 d5 2. g3 Nd7 3. d4 Nb6 4. Nc3 Nf6 5. Bg2 h6 6. a4 a5 7. b3 e6 8. O-O Bd6 9. Nb5 O-O 10. Qd3 Bd7 11. c4 Bxb5 12. axb5 Be7 13. Bd2 Bb4 14. Bxb4 axb4 15. c5 Nbd7 16. Qd2 Qe7 17. Qf4 e5 18.
Nxe5 Nxe5 19. dxe5 Nd7 20. e6 Nxc5 21. exf7+ Qxf7 22. Qxf7+ Kxf7 23. Bxd5+ Ke7 24. Rac1 Nd7 25. Rfd1 c6 26.
bxc6 bxc6 27. Bxc6 Ra7 28. Bxd7 Rxd7 29. Rxd7+ Kxd7 30. Rc4 Rb8 31. f4 Kd6 32. Kf2 Rb7 33. e4 1-0

[Event "36th European Club Cup 2021"]
[Site "Struga"]
[Date "2021.09.21"]
[Round "4.30"]
[White "Chatalbashev, Boris"]
[Black "Carroll, Peter"]
[Result "1-0"]
[ECO "E43"]
[WhiteElo "2530"]
[BlackElo "2059"]
[Annotator "ChessBase"]
[PlyCount "75"]
[EventDate "2021.09.18"]
[EventType "team-tourn"]
[EventCountry "MKD"]
[SourceTitle "playchess.com"]
[Source "ChessBase"]
[SourceQuality "1"]
[TimeControl "40/5400+30:1800+30"]

1. d4 Nf6 2. Nf3 e6 3. c4 b6 4. Nc3 Bb4 5. e3 Bb7 6. Bd3 O-O 7. O-O c5 8. Bd2 cxd4 9. exd4 d5 10. cxd5 Nxd5 11. Re1 Nd7 12. Rc1 Rc8 13. h4 Nxc3 14. bxc3 Ba3 15. Rb1 Bd5 16. c4 Bxf3 17. Qxf3 Qxh4 18. Rb5 Qf6 19. Qg3 g6 20. Re4 Rfe8 21. c5 bxc5 22. Rb7 c4 23. Bc2 Qe7 24. Rxd7 Qxd7 25. Qxa3 f5 26. Ba4 Qb7 27. Re5 Red8 28. Bc3 Kf7 29. Bb5 a5 30. Qxa5 Rd5 31. Qb4 Rb8 32. a4 Rxe5 33. dxe5 Qd5 34. Qd6 Rb7 35. Bb4 Qxd6 36. exd6 Rb8 37. d7 g5 38. Bxc4 1-0

[Event "36th European Club Cup 2021"]
[Site "Struga"]
[Date "2021.09.21"]
[Round "4.34"]
[White "Ibanez Aullana, Ramon"]
[Black "Urkedal, Frode Olav Olsen"]
[Result "0-1"]
[ECO "D79"]
[WhiteElo "2269"]
[BlackElo "2568"]
[Annotator "ChessBase"]
[PlyCount "80"]
[EventDate "2021.09.18"]
[EventType "team-tourn"]
[EventCountry "MKD"]
[SourceTitle "playchess.com"]
[Source "ChessBase"]
[SourceQuality "1"]
[TimeControl "40/5400+30:1800+30"]

1. Nf3 d5 2. g3 g6 3. Bg2 Bg7 4. d4 Nf6 5. O-O O-O 6. c4 c6 7. cxd5 cxd5 8.
Nc3 Nc6 9. Ne5 Bf5 10. Nxc6 bxc6 11. Na4 Nd7 12. Be3 Qa5 13. b3 Rac8 14. Rc1 Rfe8 15. Qe1 Qa6 16. Qd2 e5 17. Rfe1 e4 18. Bh6 Bxh6 19. Qxh6 Qa5 20. Qe3 h5 21. Qc3 Qd8 22. Qe3 Kg7 23. h3 Qf6 24. Nc5 Nf8 25. Rc3 g5 26. b4 Ng6 27. Nb3 Bd7 28. Nc5 Bf5 29. Nb3 h4 30.
Rec1 g4 31. gxh4 gxh3 32. Bf1 Qxh4 33. Rxc6 Rxc6 34. Rxc6 h2+ 35. Kh1 Rh8 36. Qg3 Qe7 37. b5 e3 38. f3 Qh4 39. Qg2 Qf4 40. Nc5 Rh6 0-1

[Event "36th European Club Cup 2021"]
[Site "Struga"]
[Date "2021.09.21"]
[Round "4.35"]
[White "Haldorsen, Benjamin"]
[Black "Torres Sanchez, Jose"]
[Result "0-1"]
[ECO "B41"]
[WhiteElo "2465"]
[BlackElo "2271"]
[Annotator "ChessBase"]
[PlyCount "64"]
[EventDate "2021.09.18"]
[EventType "team-tourn"]
[EventCountry "MKD"]
[SourceTitle "playchess.com"]
[Source "ChessBase"]
[SourceQuality "1"]
[TimeControl "40/5400+30:1800+30"]

1. e4 c5 2. Nf3 e6 3. d4 cxd4 4. Nxd4 a6 5. c4 Nf6 6. Nc3 Qc7 7. Be2 Nc6 8. Nxc6 bxc6 9. a3 Bd6 10. Be3 c5 11. Qd3 Bb7 12. g4 h6 13. h4 Be5 14. f3 Rb8 15. Rb1 Rd8 16. Kf1 d5 17. cxd5 exd5 18. exd5 Nxd5 19. Nxd5 Rxd5 20. Qc2 O-O 21. b4 Bd4 22. Bxd4 Rxd4 23. bxc5 Rfd8 24. g5 Rd2 25. Qc3 h5 26. Qe3 Bc6 27. g6 fxg6 28. Rb6 Qd7 29. Rh2 Kh7 30. Rg2 Re8 31. Qg5 Rd1+ 32. Kf2 Rxe2+ 0-1

[Event "36th European Club Cup 2021"]
[Site "Struga"]
[Date "2021.09.21"]
[Round "4.36"]
[White "Gimeno Higueras, Roberto"]
[Black "Ranaldi, Lucas"]
[Result "0-1"]
[ECO "B11"]
[WhiteElo "2214"]
[BlackElo "2325"]
[Annotator "NA"]
[PlyCount "52"]
[EventDate "2021.09.18"]
[EventType "team-tourn"]
[EventCountry "MKD"]
[SourceTitle "playchess.com"]
[Source "ChessBase"]
[SourceQuality "1"]
[TimeControl "40/5400+30:1800+30"]

1. e4 c6 2. Nc3 d5 3. Nf3 Bg4 4. h3 Bxf3 5. Qxf3 Nf6 6. d3 e6 7. Bd2 Qb6 8. O-O-O d4 9. Ne2 Na6 10. Qf4 Bc5 11. g4 Nc7 12. Qg5 O-O 13.
Bf4 Nd7 14. Bxc7 Qxc7 15. f4 a5 16. f5 a4 17. f6 g6 18. Bg2 Rfd8 19. h4 Ra5 20. h5 Be7 21. Qxa5 Qxa5 22. fxe7 Qg5+ 23. Kb1 Qxe7 24. hxg6 hxg6 25. Nxd4 Ne5 26. Ne2 Nxg4 0-1

[Event "36th European Club Cup 2021"]
[Site "Struga"]
[Date "2021.09.21"]
[Round "4.39"]
[White "Lokander, Martin"]
[Black "Antipov, Mikhail Al."]
[Result "1/2-1/2"]
[ECO "D85"]
[WhiteElo "2452"]
[BlackElo "2607"]
[Annotator "ChessBase"]
[PlyCount "58"]
[EventDate "2021.09.18"]
[EventType "team-tourn"]
[EventCountry "MKD"]
[SourceTitle "playchess.com"]
[Source "ChessBase"]
[SourceQuality "1"]
[TimeControl "40/5400+30:1800+30"]

1. d4 Nf6 2. Nf3 g6 3. c4 Bg7 4. Nc3 d5 5. cxd5 Nxd5 6. e4 Nxc3 7. bxc3 c5 8. Bb5+ Nc6 9. d5 Qa5 10. Rb1 a6 11. Bxc6+ bxc6 12. O-O O-O 13. dxc6 Bg4 14. h3 Bxf3 15. Qxf3 Rac8 16. e5 Bxe5 17. Bg5 Qc7 18. Rfe1 Bd6 19. Rb7 Qxc6 20. Qxc6 Rxc6 21. Bxe7 Re8 22. Kf1 Bxe7 23. Rexe7 Rxe7 24. Rxe7 Rb6 25. Re4 Rb1+ 26.
Re1 Rb2 27. Re2 Rb1+ 28. Re1 Rb5 29. Re4 Rb1+ 1/2-1/2

[Event "36th European Club Cup 2021"]
[Site "Struga"]
[Date "2021.09.21"]
[Round "4.40"]
[White "Lomasov, Semyon"]
[Black "Ertan, Can"]
[Result "1-0"]
[ECO "E15"]
[WhiteElo "2526"]
[BlackElo "2384"]
[Annotator "ChessBase"]
[PlyCount "71"]
[EventDate "2021.09.18"]
[EventType "team-tourn"]
[EventCountry "MKD"]
[SourceTitle "playchess.com"]
[Source "ChessBase"]
[SourceQuality "1"]
[TimeControl "40/5400+30:1800+30"]

1. d4 Nf6 2. c4 e6 3. Nf3 b6 4. g3 Ba6 5. b3 Bb4+ 6. Bd2 Be7 7. Bg2 d5 8. O-O c6 9. Ne5 Nfd7 10. Nxd7 Qxd7 11. Bc3 dxc4 12. Nd2 cxb3 13. axb3 O-O 14. Nc4 Bf6 15. Qc2 Bb7 16. Rfd1 Qc7 17. Be4 h6 18. Bd2 Bxd4 19. Bf4 e5 20. Rxd4 exf4 21. Nd6 fxg3 22. hxg3 Rd8 23. Rad1 Na6 24. Bh7+ Kf8 25. Nxf7 Rxd4 26. Rxd4 Nc5 27. Qg6 Qe7 28. Nd8 Qf6 29. Rf4 Qxf4 30. gxf4 Rxd8 31. Qf5+ Ke7 32. Qe5+ Kf7 33. Qf5+ Ke7 34. Qe5+ Kf7 35. f5 Bc8 36. Qc7+ 1-0

[Event "36th European Club Cup 2021"]
[Site "Struga"]
[Date "2021.09.21"]
[Round "4.41"]
[White "Arman, Deniz"]
[Black "Arngrimsson, Dagur"]
[Result "1/2-1/2"]
[ECO "C69"]
[WhiteElo "2336"]
[BlackElo "2383"]
[Annotator "NA"]
[PlyCount "102"]
[EventDate "2021.09.18"]
[EventType "team-tourn"]
[EventCountry "MKD"]
[SourceTitle "playchess.com"]
[Source "ChessBase"]
[SourceQuality "1"]
[TimeControl "40/5400+30:1800+30"]

1. e4 e5 2. Nf3 Nc6 3. Bb5 a6 4. Bxc6 dxc6 5. O-O f6 6. d4 exd4 7. Nxd4 c5 8. Nb3 Qxd1 9. Rxd1 Bd7 10. Bf4 O-O-O 11. Nc3 Be6 12. Rxd8+ Kxd8 13. Rd1+ Kc8 14. Nd5 Bxd5 15. Rxd5 b6 16. Rd1 Ne7 17. Nd2 h5 18. h3 g5 19. Bh2 Bg7 20. Nc4 f5 21. exf5 Nxf5 22. Rd5 Rd8 23.
Rxd8+ Kxd8 24. c3 b5 25. Nd2 c4 26. Ne4 b4 27. Kf1 a5 28.
Ke2 g4 29. hxg4 hxg4 30. Bf4 c6 31. Kd2 a4 32. Bg5+ Kc7 33.
Kc2 b3+ 34. Kb1 Kb6 35. g3 Kb5 36. Bf4 c5 37. Nd2 Bf6 38.
Nf1 a3 39. Nh2 axb2 40. Kxb2 bxa2 41. Bd2 Bg7 42. Kxa2 Nd6 43. Kb2 Ne4 44. Be1 Nf6 45. Nf1 Nd7 46. Bd2 Ne5 47. Kc2 Nd3 48. Be3 Ne1+ 49. Kd2 Nf3+ 50. Kc2 Ne1+ 51. Kd2 Nf3+ 1/2-1/2

[Event "36th European Club Cup 2021"]
[Site "Struga"]
[Date "2021.09.21"]
[Round "4.42"]
[White "Lagerman, Robert"]
[Black "Thorn, Eric"]
[Result "0-1"]
[ECO "C47"]
[WhiteElo "2300"]
[BlackElo "2292"]
[Annotator "NA"]
[PlyCount "70"]
[EventDate "2021.09.18"]
[EventType "team-tourn"]
[EventCountry "MKD"]
[SourceTitle "playchess.com"]
[Source "ChessBase"]
[SourceQuality "1"]
[TimeControl "40/5400+30:1800+30"]

1. e4 e5 2. Nf3 Nc6 3. d4 exd4 4. Nxd4 Nf6 5. Nc3 Bb4 6.
Nxc6 bxc6 7. Bd3 d5 8. exd5 O-O 9. O-O cxd5 10. Bg5 Be6 11.
Qf3 h6 12. Bxf6 Qxf6 13. Qxf6 gxf6 14. Ne2 Bd6 15. Rad1 c5 16. b3 Rfd8 17. Ng3 Kf8 18. Nf5 c4 19. bxc4 dxc4 20. Be4 Bxf5 21. Bxf5 Rab8 22. Rb1 Rb6 23. g3 Bc5 24. Rbd1 Rbd6 25. Rxd6 Rxd6 26. Rb1 Bb6 27. g4 Rd2 28. Rb4 Bxf2+ 29. Kf1 c3 30. Rb8+ Kg7 31. Rb7 Bb6 32. h4 h5 33. Rd7 Rf2+ 34. Ke1 Rf4 35. Rd3 hxg4 0-1

[Event "36th European Club Cup 2021"]
[Site "Struga"]
[Date "2021.09.21"]
[Round "4.43"]
[White "Nevednichy, Vladislav"]
[Black "Kjartansson, Gudmundur"]
[Result "1-0"]
[ECO "B50"]
[WhiteElo "2498"]
[BlackElo "2447"]
[Annotator "ChessBase"]
[PlyCount "59"]
[EventDate "2021.09.18"]
[EventType "team-tourn"]
[EventCountry "MKD"]
[SourceTitle "playchess.com"]
[Source "ChessBase"]
[SourceQuality "1"]
[TimeControl "40/5400+30:1800+30"]

1. e4 c5 2. Nf3 d6 3. c3 Nf6 4. Be2 g6 5. O-O Bg7 6. Bb5+ Nbd7 7. Re1 a6 8.
Bf1 O-O 9. d4 e5 10. dxe5 dxe5 11. c4 Ne8 12. Nc3 Nc7 13. Bg5 f6 14. Be3 Ne6 15. Nd5 f5 16. a3 f4 17. Bd2 g5 18. h3 Nb8 19. b4 Nc6 20.
Bc3 b6 21. Rb1 Ra7 22. bxc5 bxc5 23. Rb6 Bd7 24. Qa1 Ned4 25. Bxd4 exd4 26. e5 Be8 27. Qb1 h6 28. Qe4 Ne7 29. Bd3 Nf5 30. e6 1-0

[Event "36th European Club Cup 2021"]
[Site "Struga"]
[Date "2021.09.21"]
[Round "4.45"]
[White "Risteski, Emil"]
[Black "Petursson, Margeir"]
[Result "0-1"]
[ECO "B27"]
[WhiteElo "2320"]
[BlackElo "2442"]
[Annotator "NA"]
[PlyCount "92"]
[EventDate "2021.09.18"]
[EventType "team-tourn"]
[EventCountry "MKD"]
[SourceTitle "playchess.com"]
[Source "ChessBase"]
[SourceQuality "1"]
[TimeControl "40/5400+30:1800+30"]

1. e4 c5 2. Nf3 g6 3. c3 d5 4. e5 a6 5. h3 Nc6 6. d4 Bg7 7. Be2 f6 8. exf6 Nxf6 9. dxc5 O-O 10. O-O e5 11. Na3 h6 12. Nc2 Be6 13. Nh2 Kh7 14. Be3 Qd7 15.
Bd3 Rad8 16. f4 d4 17. cxd4 e4 18. Be2 Nd5 19. Kh1 Nxe3 20. Nxe3 Qxd4 21. Qxd4 Bxd4 22. Nc4 Bxc5 23. b3 Nd4 24. Bg4 Bxc4 25. Rfc1 b5 26. bxc4 b4 27. g3 h5 28. Bd1 e3 29. Kg2 h4 30. Nf3 Nxf3 31. Kxf3 hxg3 32. Be2 g5 33. Kxg3 Rxf4 34. Rd1 Rd2 35. Rxd2 exd2 36. Rd1 Rd4 37. Bg4 Bd6+ 38. Kf2 Bf4 39. Be2 a5 40. c5 Rd5 41. c6 Rc5 42. Bf3 Kg7 43. Ke2 Kf6 44. Be4 Ke5 45. Bb1 Rxc6 46. Bd3 Rc3 0-1

[Event "36th European Club Cup 2021"]
[Site "Struga"]
[Date "2021.09.21"]
[Round "4.46"]
[White "Johannesson, Ingvar Thor"]
[Black "Podlesnik, Bogdan"]
[Result "1/2-1/2"]
[ECO "A46"]
[WhiteElo "2346"]
[BlackElo "2327"]
[Annotator "NA"]
[PlyCount "21"]
[EventDate "2021.09.18"]
[EventType "team-tourn"]
[EventCountry "MKD"]
[SourceTitle "playchess.com"]
[Source "ChessBase"]
[SourceQuality "1"]
[TimeControl "40/5400+30:1800+30"]

1. d4 Nf6 2. Nf3 e6 3. Bf4 c5 4. e3 Qb6 5. Na3 Qxb2 6. Nb5 Nd5 7. Rb1 Qxa2 8. Ra1 Qb2 9. Rb1 Qa2 10. Ra1 Qb2 11. Rb1 1/2-1/2

[Event "36th European Club Cup 2021"]
[Site "Struga"]
[Date "2021.09.21"]
[Round "4.47"]
[White "Zlatkov, Anton"]
[Black "Mai, Alexander Oliver"]
[Result "1-0"]
[ECO "B51"]
[WhiteElo "2132"]
[BlackElo "2042"]
[Annotator "NA"]
[PlyCount "91"]
[EventDate "2021.09.18"]
[EventType "team-tourn"]
[EventCountry "MKD"]
[SourceTitle "playchess.com"]
[Source "ChessBase"]
[SourceQuality "1"]
[TimeControl "40/5400+30:1800+30"]

1. e4 c5 2. Nf3 d6 3. Bb5+ Nd7 4. O-O a6 5. Bd3 Ngf6 6. Re1 e6 7. c3 b5 8. a4 Bb7 9. axb5 axb5 10. Rxa8 Qxa8 11. Na3 Bxe4 12. Bxe4 Nxe4 13. Nxb5 Qc6 14. Qa4 Nef6 15. d4 Be7 16. c4 cxd4 17. Nfxd4 Qb7 18. Nf5 Nc5 19. Nbxd6+ Kf8 20. Nxb7 Nxa4 21.
Nxe7 Kxe7 22. b3 Nb6 23. Rd1 Ra8 24. Bd2 Kd7 25. Bf4+ Ke8 26.
Be3 Nbd7 27. b4 Rb8 28. Nd6+ Ke7 29. b5 Nd5 30. Nf5+ Kf6 31.
Nd4 Nxe3 32. fxe3 Nc5 33. Nc6 Rb7 34. Rf1+ Kg5 35. Nd8 Rd7 36. Nxf7+ Kh5 37. Ne5 Rd2 38. g4+ Kh6 39. Rf2 Rd1+ 40. Rf1 Rd2 41. h4 g6 42. Rf7 Rd1+ 43. Kg2 Rd2+ 44. Kf3 g5 45. Rf6+ Kg7 46. hxg5 1-0

[Event "36th European Club Cup 2021"]
[Site "Struga"]
[Date "2021.09.21"]
[Round "4.48"]
[White "Jonsson, Gauti Pall"]
[Black "Andonovski, Ljubisa"]
[Result "0-1"]
[ECO "B23"]
[WhiteElo "2053"]
[BlackElo "2252"]
[Annotator "NA"]
[PlyCount "50"]
[EventDate "2021.09.18"]
[EventType "team-tourn"]
[EventCountry "MKD"]
[SourceTitle "playchess.com"]
[Source "ChessBase"]
[SourceQuality "1"]
[TimeControl "40/5400+30:1800+30"]

1. e4 c5 2. Nc3 Nc6 3. Bb5 Nd4 4. Bc4 a6 5. Nge2 b5 6. Bd5 Rb8 7. Nxd4 cxd4 8. Ne2 e6 9. Bb3 Bb7 10. d3 Bc5 11. O-O Ne7 12. Ng3 O-O 13.
Qh5 Rc8 14. f4 g6 15. Qf3 f5 16. h4 Kh8 17. Bd2 fxe4 18. Nxe4 Nf5 19. g3 e5 20. Qg4 Ne3 21. Bxe3 dxe3 22. Nxc5 Rxc5 23. Rae1 Qb6 24. fxe5 Rf2 25. Qd4 Rcxc2 0-1

[Event "36th European Club Cup 2021"]
[Site "Struga"]
[Date "2021.09.21"]
[Round "4.49"]
[White "Cornette, Matthieu"]
[Black "Gukesh D"]
[Result "1/2-1/2"]
[ECO "B15"]
[WhiteElo "2578"]
[BlackElo "2599"]
[Annotator "ChessBase"]
[PlyCount "61"]
[EventDate "2021.09.18"]
[EventType "team-tourn"]
[EventCountry "MKD"]
[SourceTitle "playchess.com"]
[Source "ChessBase"]
[SourceQuality "1"]
[TimeControl "40/5400+30:1800+30"]

1. e4 c6 2. d4 d5 3. Nc3 dxe4 4. Nxe4 Nf6 5. Nxf6+ exf6 6. c3 Bd6 7. Bd3 O-O 8. Qc2 Re8+ 9. Ne2 h5 10. O-O h4 11. h3 Nd7 12. Bd2 Nf8 13.
Rae1 Ng6 14. f4 c5 15. d5 Bd7 16. c4 Qc8 17. Rf3 b5 18. cxb5 c4 19. Qxc4 Qb7 20. Nc3 Rxe1+ 21. Bxe1 a6 22. bxa6 Qxb2 23. Ne2 Ne7 24. Bc3 Qb6+ 25. Bd4 Qa5 26. a7 Nc8 27. Qa6 Qxd5 28. Bc4 Qc6 29. Qxc6 Bxc6 30. Rd3 Bf8 31. Rc3 1/2-1/2